 Dungeon Crawl Stone Soup version 0.30-a0-304-gdc4b735fe1 (webtiles) character file.

Game seed: 18176026836810125648

1310 lonewolfV2 the Cudgeller (level 8, -2/58 (62) HPs)
             Began as a Demonspawn Berserker on Oct 20, 2022.
             Was a Priest of Trog.
             Slain by a wight
             ... wielding a +1 great sword
              (12 damage)
             ... on level 6 of the Dungeon.
             The game lasted 00:09:10 (6296 turns).

lonewolfV2 the Cudgeller (Demonspawn Berserker)     Turns: 6296, Time: 00:09:11

HP:   -2/58 (62)    AC: 15    Str: 20    XL:     8   Next: 32%
MP:   8/8           EV: 13    Int:  9    God:    Trog [***...]
Gold: 268           SH:  4    Dex: 12    Spells: 7/7 levels left

rFire   . . .      SeeInvis .    h - +2 mace (protect)
rCold   . . .      Faith    .    (no shield)
rNeg    . . .      Spirit   .    b - +1 animal skin
rPois   .          Reflect  .    (helmet restricted)
rElec   .          Harm     .    (no cloak)
rCorr   +          Rampage  .    (no gloves)
Will    .....                    (no boots)
Stlth   ++........               (no amulet)
HPRegen 0.29/turn                d - +4 ring of protection
MPRegen 0.11/turn                j - ring of resist corrosion

@: under a protective aura, drained
A: antennae 2, sharp scales 1, condensation shield
a: Renounce Religion, Berserk, Trog's Hand


You were on level 6 of the Dungeon.
You worshipped Trog.
Trog was most pleased with you.
You visited 1 branch of the dungeon, and saw 6 of its levels.

You collected 268 gold pieces.

Inventory:

Hand Weapons
 a - a +0 mace
 h - a +2 mace of protection (weapon)
Armour
 b - a +1 animal skin (worn)
Jewellery
 d - a +4 ring of protection (left hand)
 j - a ring of resist corrosion (right hand)
Wands
 q - a wand of flame (41)
Scrolls
 c - 3 scrolls of vulnerability
 g - 3 scrolls of fog
 l - a scroll of enchant armour
 s - a scroll of blinking
Potions
 e - a potion of cancellation
 f - a potion of curing
 i - 3 potions of heal wounds
 k - a potion of haste
 m - 2 potions of degeneration
 n - 2 potions of brilliance
 o - a potion of lignification
 p - a potion of attraction {unknown}
 t - 2 potions of mutation


   Skills:
 + Level 5.1 Fighting
 + Level 6.8 Maces & Flails
 + Level 2.0 Armour
 + Level 4.5 Dodging
 + Level 2.3 Stealth
 + Level 2.4 Shields


You had 7 spell levels left.
You didn't know any spells.
Your spell library was empty.

Dungeon Overview and Level Annotations

Branches:
Dungeon (6/15)
 Temple: D:4-7

Altars:

Shops:
D:1 [   D:5 *


Innate Abilities, Weirdness & Mutations

You have a pair of antennae on your head.
You are partially covered in razor-sharp scales. (AC +1, Slay +1)
A meltable shield of frost defends you. (SH +4)


Message History

a +0 battleaxe; a +0 robe You hit the wight.
The wight is lightly damaged.
The wight misses you.
You sock the wight!
The wight is heavily damaged.
The wight closely misses you.
You thump the wight!
The wight is almost destroyed.
The wight barely misses you.
You hit the wight.
You destroy the wight!
Trog accepts your kill.
You hit the wight.
The wight is lightly damaged.
The wight hits you with a +1 great sword!
You sock the wight!
The wight is heavily damaged.
The wight closely misses you. You block the wight's attack.
You hit the wight but do no damage.
The wight is heavily damaged.
The wight hits you with a +1 great sword!
* * * LOW HITPOINT WARNING * * *
You barely miss the wight.
The wight is heavily damaged.
You block the wight's attack.
You hit the wight but do no damage.
The wight is heavily damaged.
The wight closely misses you.
You hit the wight but do no damage.
The wight is heavily damaged.
The wight hits you but does no damage.
You closely miss the wight.
The wight is heavily damaged.
The wight hits you with a +1 great sword.
* * * LOW HITPOINT WARNING * * *
You closely miss the wight.
The wight is heavily damaged.
The wight hits you with a +1 great sword!
You die...

#.#### ..# #.# #.# #.# ##
#.# #.# #. #$# ###.##..
#.# #....... #.# #.#.....
#z# ##.#####. #@# ##...#
## #.# #..#.# ## #†#
#...)# .. ##†## #.####
##.#...# #.##.##
###......######.#...####
+.................>.....+
##.#...#####.........####
# ##.# #.###....##


You could see a wight.

Vanquished Creatures
  Sigmund (D:5)
  2 black bears (D:6)
  A centaur (D:5)
  A phantom (D:6)
  A bullfrog (D:6)
  2 scorpions (D:5)
  2 wights (D:6)
  A jelly (D:6)
  2 orc priests (D:3)
  4 hounds
  2 iguanas (D:5)
  7 gnolls (D:5)
  11 adders
  A shadow imp (D:6)
  3 worms
  A dart slug (D:2)
  16 orcs
  7 ball pythons
  9 bats
  3 endoplasms
  6 giant cockroaches
  9 goblins
  9 hobgoblins
  6 kobolds
  A quokka (D:2)
  2 frilled lizards
  4 rats
114 creatures vanquished.

Notes
Turn   | Place    | Note
-------+----------+-------------------------------------------
     0 | D:1      | lonewolfV2 the Demonspawn Berserker began the quest for the
                  | Orb.
     0 | D:1      | Reached XP level 1. HP: 18/18 MP: 1/1
   269 | D:1      | Found Ocwiblu's Armour Shop.
   289 | D:1      | Gained mutation: A meltable shield of frost defends you.
                  | (SH +4) [demonic ancestry]
   289 | D:1      | Reached XP level 2. HP: 24/24 MP: 2/2
   320 | D:1      | Reached skill level 3 in Maces & Flails
   844 | D:2      | You fall into a shaft and drop 2 floors!
  1059 | D:2      | Reached ** piety under Trog
  1067 | D:2      | Reached XP level 3. HP: 29/29 MP: 3/3
  1660 | D:2      | Gained mutation: You have a pair of small antennae on your
                  | head. [demonic ancestry]
  1660 | D:2      | Reached XP level 4. HP: 29/35 MP: 4/4
  2227 | D:3      | Reached skill level 4 in Maces & Flails
  2362 | D:3      | Reached XP level 5. HP: 42/42 MP: 5/5
  3265 | D:3      | Reached skill level 1 in Shields
  4362 | D:4      | Reached *** piety under Trog
  4438 | D:4      | Gained mutation: You have a pair of antennae on your head.
                  | [demonic ancestry]
  4438 | D:4      | Reached XP level 6. HP: 48/48 MP: 6/6
  5014 | D:5      | Entered Level 5 of the Dungeon
  5014 | D:5      | Found Puafevybeo's Assorted Antiques.
  5029 | D:5      | Noticed Sigmund
  5038 | D:5      | Killed Sigmund
  5039 | D:5      | Reached skill level 1 in Stealth
  5046 | D:5      | Reached skill level 5 in Maces & Flails
  5088 | D:5      | Gained mutation: You are partially covered in razor-sharp
                  | scales. (AC +1, Slay +1) [demonic ancestry]
  5088 | D:5      | Reached XP level 7. HP: 51/55 MP: 7/7
  6008 | D:6      | Reached skill level 6 in Maces & Flails
  6178 | D:6      | Reached XP level 8. HP: 61/61 MP: 8/8
  6254 | D:6      | Reached skill level 5 in Fighting
  6296 | D:6      | Slain by a wight

Illustrated notes

Levels and vault maps discovered:
D:1:      co_arrival_square_in_a_square_in_a_square, layout_loops_cross,
          serial_shops, nicolae_shop_stone, minmay_misc_feat_enclosed
D:2:      layout_basic
D:3:      layout_loops_corners, cheibrodos_sewer_entry_drain,
          nicolae_hexahallways
D:4:      layout_layer_cave
D:5:      layout_basic, serial_corexii_hall, corexii_hall_statues_x,
          corexii_hall_statues_x, serial_shops, nicolae_stop_n_shop_2,
          uniq_sigmund
D:6:      layout_loops_corners

Skill      XL: |  1  2  3  4  5  6  7  8 |
---------------+-------------------------+-----
Maces & Flails | 3 4 5 6 |  6.8
Armour         | 2 |  2.0
Dodging        | 2 3 4 |  4.5
Shields        | 1 2 |  2.4
Fighting       | 4 5 |  5.1
Stealth        | 1 2 |  2.3

Action                   |  1- 3 |  4- 6 |  7- 9 || total
-------------------------+-------+-------+-------++-------
Melee: Mace              |   122 |   211 |   151 ||   484
       Punch             |     1 |     1 |     3 ||     5
  Use: Scroll            |     4 |     6 |     5 ||    15
 Stab: Sleeping          |       |     1 |     2 ||     3
Armor: Animal skin       |    51 |    80 |    62 ||   193
Dodge: Dodged            |    86 |   125 |   108 ||   319
Block: Other             |    23 |    49 |    34 ||   106

Table legend: (Time is in decaauts)
 A = Elapsed time spent in this place.
 B = Non-inter-level travel time spent in this place.
 C = Inter-level travel time spent in this place.
 D = Time resting spent in this place.
 E = Time spent auto-exploring this place.
 F = Levels seen in this place.
 G = Mean time per level.
                   A        B        C        D        E       F      G
               +--------+--------+--------+--------+--------+-----+--------+
         Total |   6385 |   6164 |    221 |    906 |   3866 |   6 | 1064.2 |
       Dungeon |   6385 |   6164 |    221 |    906 |   3866 |   6 | 1064.2 |
               +--------+--------+--------+--------+--------+-----+--------+

Top non-repeatable levels by time:
     D:3: 1623 daAuts
     D:4: 1554 daAuts
     D:2: 1252 daAuts
     D:5: 869 daAuts
     D:1: 776 daAuts
     D:6: 309 daAuts
